AoeStats
← Phil100k

Arena

506403604Analyzed
4v4 RM · 18d ago on Sep 13, 2026· 78m 54s· 8 players
Game mode
Random Map
Map size
Large (8 player)
Population
200
Speed
Normal
Resources
Standard
Victory
Conquest
Starting age
Dark Age
Ending age
Imperial Age
RankedLock teamsTeams togetherTeam positionsShared explorationLock speedFull tech treeHidden civsTurbo modeCheats
Victory
Defeat
🇮🇳 Burgundians · India
1125
+15
🇹🇼 Britons · Taiwan
1121
+15
🇹🇼 Slavs · Taiwan
1109
+15
🇹🇼 Bohemians · Taiwan
1078
+17
🇨🇳 Spanish · China
1145
-18
🇨🇳 Chinese · China
1121
-16
🇦🇷 Poles · Argentina
1090
-15
🇨🇳 Lithuanians · China
1032
-13
Phil100k
5:02 Loom
10:42 Feudal Age
15:30 Castle Age
13:28 Double-Bit Axe
13:39 Horse Collar
17:03 Bow Saw
17:17 Fervor
19:15 Light Cavalry
22:46 Bloodlines
28:42 Heavy Plow
29:54 Fortified Wall
30:56 Wheelbarrow
36:19 Imperial Age
34:47 Hand Cart
35:02 Husbandry
35:47 Scale Barding Armor
35:54 Forging
36:06 Ballistics
35:58 Masonry
36:58 Cavalier
38:43 Conscription
38:25 Tower Shields
39:07 Chain Barding Armor
39:23 Iron Casting
40:33 Plate Barding Armor
39:53 Fletching
40:04 Padded Archer Armor
40:31 Bodkin Arrow
40:11 Paladin
41:47 Leather Archer Armor
41:55 Elite Skirmisher
42:41 Thumb Ring
43:56 Two-Man Saw
43:09 Winged Hussar
48:22 Hoardings
47:08 Elite Leitis
50:03 Bracer
50:34 Ring Archer Armor
50:44 Town Watch
56:43 Town Patrol
60:05 Capped Ram
76:31 Chemistry
76:02 Architecture
TJpointL
10:52 Feudal Age
14:34 Castle Age
12:33 Double-Bit Axe
12:49 Horse Collar
13:36 Loom
22:21 Bow Saw
29:23 Heavy Plow
30:00 Redemption
31:56 Sanctity
31:46 Fervor
31:49 Bloodlines
31:39 Husbandry
33:42 Wheelbarrow
32:53 Town Watch
34:20 Padded Archer Armor
34:25 Gold Mining
35:22 Leather Archer Armor
37:44 Imperial Age
35:32 Hand Cart
36:33 Elite Skirmisher
37:19 Thumb Ring
37:48 Fletching
39:00 Ring Archer Armor
38:28 Bodkin Arrow
39:32 Conscription
40:40 Supremacy
40:25 Bracer
40:18 Elite Conquistador
41:37 Ballistics
42:18 Chemistry
47:09 Fortified Wall
46:55 Murder Holes
47:59 Scale Mail Armor
48:09 Forging
48:41 Masonry
50:09 Architecture
51:34 Inquisition
61:43 Caravan
63:04 Two-Man Saw
66:31 Sappers
75:49 Herbal Medicine
schg20000106
0:26 Loom
11:38 Feudal Age
15:30 Castle Age
13:24 Horse Collar
17:20 Double-Bit Axe
17:39 Heavy Plow
23:07 Bow Saw
27:20 Wheelbarrow
29:19 Imperial Age
27:13 Fortified Wall
27:05 Gold Mining
27:05 Stone Mining
27:16 Fletching
28:39 Ballistics
27:57 Crossbowman
29:09 Thumb Ring
29:46 Padded Archer Armor
29:42 Bodkin Arrow
30:42 Gold Shaft Mining
30:42 Stone Shaft Mining
30:32 Conscription
29:47 Arbalester
31:08 Leather Archer Armor
31:52 Bracer
32:19 Great Wall
34:22 Masonry
35:13 Chemistry
38:45 Hand Cart
42:37 Elite Chu Ko Nu
43:50 Murder Holes
43:40 Arrowslits
44:26 Architecture
47:38 Two-Man Saw
50:54 Caravan
57:05 Town Watch
69:01 Town Patrol
一中大俨哥
12:32 Feudal Age
13:26 Double-Bit Axe
13:41 Horse Collar
18:58 Castle Age
20:55 Pikeman
24:51 Bow Saw
24:43 Heavy Plow
25:47 Wheelbarrow
27:03 Fletching
27:13 Padded Archer Armor
27:33 Elite Skirmisher
31:36 Gold Mining
36:53 Imperial Age
38:12 Light Cavalry
39:03 Bloodlines
38:54 Husbandry
39:24 Winged Hussar
44:53 Scale Barding Armor
49:53 Forging
51:32 Crop Rotation
52:53 Chain Barding Armor
53:09 Iron Casting
60:14 Bodkin Arrow
69:39 Thumb Ring
samarth310393
5:49 Double-Bit Axe
7:36 Horse Collar
10:32 Loom
12:49 Feudal Age
17:50 Castle Age
17:04 Bow Saw
17:38 Heavy Plow
18:12 Gold Mining
18:14 Stone Mining
19:19 Wheelbarrow
21:21 Gold Shaft Mining
25:58 Town Watch
28:15 Hand Cart
32:09 Imperial Age
30:07 Scale Barding Armor
30:33 Forging
30:40 Husbandry
30:01 Cavalier
31:52 Chain Barding Armor
31:58 Light Cavalry
35:10 Chemistry
34:48 Plate Barding Armor
36:10 Ballistics
38:20 Fletching
39:07 Iron Casting
39:36 Paladin
39:39 Hussar
40:41 Herbal Medicine
43:46 Blast Furnace
42:42 Bodkin Arrow
43:08 Capped Ram
44:11 Conscription
43:59 Burgundian Vineyards
52:50 Bracer
52:51 Padded Archer Armor
53:04 Masonry
58:47 Leather Archer Armor
脫光看大街
10:46 Feudal Age
14:56 Castle Age
13:34 Double-Bit Axe
13:35 Horse Collar
16:05 Bow Saw
16:25 Heavy Plow
18:56 Loom
23:48 Wheelbarrow
23:59 Gold Mining
25:12 Fletching
25:36 Padded Archer Armor
25:33 Stone Mining
25:51 Treadmill Crane
26:38 Bodkin Arrow
26:58 Leather Archer Armor
28:35 Gold Shaft Mining
31:30 Imperial Age
30:08 Ballistics
29:45 Murder Holes
30:32 Town Watch
31:05 Hand Cart
31:43 Light Cavalry
32:23 Husbandry
31:53 Elite Longbowman
33:23 Yeomen
34:03 Bracer
34:33 Ring Archer Armor
34:03 Pikeman
34:44 Squires
34:29 Gambesons
34:29 Arson
34:55 Forging
34:45 Scale Mail Armor
35:20 Warwolf
36:59 Chemistry
36:27 Siege Engineers
37:35 Iron Casting
37:06 Scale Barding Armor
39:20 Conscription
39:35 Hoardings
40:00 Cavalier
41:54 Blast Furnace
41:14 Chain Barding Armor
41:09 Chain Mail Armor
41:37 Capped Ram
41:40 Halberdier
44:23 Plate Barding Armor
49:44 Two-Man Saw
54:08 Plate Mail Armor
59:18 Heavy Scorpion
61:15 Fortified Wall
61:16 Masonry
60:52 Arrowslits
61:48 Sappers
69:09 Architecture
68:30 Heated Shot
70:08 Onager
72:57 Caravan
習包子小學生
11:30 Feudal Age
11:31 Loom
13:29 Double-Bit Axe
17:44 Castle Age
15:36 Horse Collar
17:40 Forging
17:31 Scale Mail Armor
18:40 Bow Saw
19:03 Man-at-Arms
20:35 Long Swordsman
23:11 Gold Mining
23:59 Squires
32:45 Imperial Age
36:09 Chemistry
35:27 Capped Ram
37:11 Detinets
41:12 Siege Ram
42:58 Wheelbarrow
44:11 Two-Man Saw
43:13 Heavy Plow
43:36 Ballistics
43:21 Siege Engineers
42:44 Onager
44:05 Fletching
44:17 Padded Archer Armor
47:03 Bodkin Arrow
47:24 Leather Archer Armor
47:55 Hand Cart
48:32 Pikeman
50:16 Iron Casting
49:56 Chain Mail Armor
49:47 Scale Barding Armor
50:13 Ring Archer Armor
49:32 Siege Onager
51:48 Crop Rotation
51:43 Elite Skirmisher
61:27 Plate Mail Armor
61:57 Blast Furnace
61:19 Chain Barding Armor
60:41 Halberdier
68:04 Plate Barding Armor
74:20 Coinage
75:33 Banking
77:03 Detinets
78:58 Town Watch
尿尿完要膽丹丹
11:06 Feudal Age
14:38 Castle Age
14:13 Loom
18:32 Fletching
27:25 Bodkin Arrow
27:32 Scale Mail Armor
32:20 Wheelbarrow
32:57 Double-Bit Axe
35:49 Chain Mail Armor
35:20 Horse Collar
36:04 Bow Saw
39:41 Hand Cart
39:12 Town Watch
39:20 Pikeman
40:00 Squires
41:10 Wagenburg Tactics
42:32 Town Patrol
42:40 Husbandry
42:29 Arson
47:13 Imperial Age
45:19 Man-at-Arms
47:03 Padded Archer Armor
47:13 Forging
47:09 Scale Barding Armor
46:28 Light Cavalry
48:12 Hussite Reforms
50:14 Two-Man Saw
49:00 Long Swordsman
49:57 Leather Archer Armor
50:36 Conscription
51:52 Iron Casting
51:55 Elite Hussite Wagon
52:17 Two-Handed Swordsman
54:23 Chemistry
53:05 Treadmill Crane
53:22 Murder Holes
53:33 Siege Engineers
53:39 Masonry
53:40 Fortified Wall
53:43 Halberdier
55:21 Houfnice
57:10 Champion
58:46 Ballistics
59:04 Ring Archer Armor
59:04 Plate Mail Armor
59:41 Blast Furnace
59:11 Chain Barding Armor
64:02 Bracer
64:15 Guilds
64:35 Coinage
64:06 Caravan
65:05 Bombard Tower
65:17 Architecture
71:22 Heavy Plow
Connection lost

Rejoining the realm…

Still unreachable

The connection could not be restored.

Session expired

The server has moved on; the page needs a fresh start.